 Dungeon Crawl Stone Soup version 0.20.0-4-g10b340a (webtiles) character file.

236836 Hasart the Bludgeoner (level 18, -10/166 HPs)
             Began as a Minotaur Berserker on May 27, 2017.
             Was the Champion of Trog.
             Killed by the raging water
             ... invoked by a water nymph
              (27 damage)
             ... on level 4 of the Shoals.
             The game lasted 02:18:31 (41356 turns).

Hasart the Bludgeoner (Minotaur Berserker)         Turns: 41356, Time: 02:18:32

Health: -10/166    AC: 24    Str: 23    XL:     18   Next: 95%
Magic:  0/26       EV: 24    Int:  8    God:    Trog [******]
Gold:   1682       SH: 20    Dex: 15    Spells: 17/17 levels left

rFire    + . .     SeeInvis +   K - +2 eveningstar (drain)
rCold    + + +     Gourm    .   N - +0 large shield {rC+}
rNeg     . . .     Faith    .   n - +6 acid dragon scales "Xipn" {rF+ rCorr}
rPois    +         Spirit   +   r - +3 crown of Dyrovepreva {rElec Int+2 SInv}
rElec    +         Reflect  .   G - +0 cloak
rCorr    +         Harm     .   z - +1 pair of gloves
MR       ++...                  F - +0 pair of boots
Stlth    +.........             E - amulet of guardian spirit
Regen    0.4/turn               P - ring of the Invisible Hand {rElec rPois}
MPRegen  0.2/turn               y - +5 ring of evasion

@: very slow
A: retaliatory headbutt, horns 2, cold resistance 2, magic resistance 1, wild
magic 1
}: 1/15 runes: serpentine
a: Berserk, Trog's Hand, Brothers in Arms, Burn Spellbooks, Renounce Religion


You were on level 4 of the Shoals.
You worshipped Trog.
Trog was exalted by your worship.
You were hungry.

You visited 7 branches of the dungeon, and saw 33 of its levels.
You also visited: Ice Cave.

You collected 3226 gold pieces.
You spent 1544 gold pieces at shops.

Inventory:

Hand Weapons
 p - a +3 demon whip of venom
 u - a +1 longbow of flaming
 K - a +2 eveningstar of draining (weapon)
 R - a +2 longbow of freezing
Missiles
 Y - 898 arrows
Armour
 n - the +6 acid dragon scales "Xipn" (worn) {rF+ rCorr}
   (You bought it in a shop on level 1 of the Orcish Mines)

   It protects you from fire.
   It protects you from acid and corrosion.
 r - the +3 crown of Dyrovepreva (worn) {rElec Int+2 SInv}
   (You acquired it on level 3 of the Lair of Beasts)

   It affects your intelligence (+2).
   It insulates you from electricity.
   It lets you see invisible.
 z - a +1 pair of gloves (worn)
 F - a +0 pair of boots (worn)
 G - a +0 cloak (worn)
 N - a +0 large shield of cold resistance (worn)
Jewellery
 a - an uncursed ring of fire
 y - a +5 ring of evasion (right hand)
 A - an uncursed ring of magical power
 E - an amulet of guardian spirit (around neck)
 P - the ring of the Invisible Hand (left hand) {rElec rPois}
   (You bought it in a shop on level 6 of the Dungeon)

   [ring of poison resistance]

   It insulates you from electricity.
   It protects you from poison.
 S - an uncursed ring of positive energy {unknown}
 Z - an uncursed ring of protection from magic
Wands
 d - a wand of confusion (14/48)
 l - a wand of lightning (4/15)
 x - a wand of digging (22/24)
 B - a wand of disintegration (19/24)
 C - a wand of acid (10/15)
 D - a wand of iceblast (9/15)
 H - a wand of polymorph (10/24)
 V - a wand of clouds (5/9)
Scrolls
 b - 8 scrolls of teleportation
 h - 29 scrolls of identify
 k - 18 scrolls of remove curse
 m - 3 scrolls of enchant armour
 q - 2 scrolls of fog
 w - 4 scrolls of recharging
 I - 3 scrolls of blinking
 O - 4 scrolls of enchant weapon
 T - 2 scrolls of magic mapping
 W - 2 scrolls of fear
Potions
 g - 7 potions of agility
 i - 9 potions of heal wounds
 j - 4 potions of flight
 o - 11 potions of curing
 s - 4 potions of mutation
 t - 15 potions of might
 v - 3 potions of haste
 U - 2 potions of resistance
Books
 M - a book of the Earth

   Spells                             Type                      Level
   a - Leda's Liquefaction            Hexes/Earth                  4
   b - Bolt of Magma                  Conjuration/Fire/Earth       5
   c - Statue Form                    Transmutation/Earth          6
   d - Iron Shot                      Conjuration/Earth            6
   e - Shatter                        Earth                        9
   Trog disapproves of the use of such an item.
Miscellaneous
 e - a box of beasts
 X - a lamp of fire
Comestibles
 c - 21 bread rations
 f - 4 royal jellies
 J - 19 meat rations
 L - 20 fruits
 Q - a chunk of flesh


   Skills:
 + Level 16.0 Fighting
 + Level 19.9 Maces & Flails
 - Level 12.0 Bows
 + Level 14.3 Armour
 + Level 13.6 Dodging
 * Level 14.3 Shields
 + Level 12.3 Evocations


You had 17 spell levels left.
You didn't know any spells.

Dungeon Overview and Level Annotations

Branches:
Dungeon (15/15)            Temple (1/1) D:5            Lair (6/6) D:9
 Shoals (4/4) Lair:3        Snake (4/4) Lair:2        Slime (0/5) Lair:6
    Orc (2/2) D:11            Elf (0/3) Orc:2        Vaults (0/5) D:14
 Depths (1/5) D:15

Altars:
Ashenzari
Cheibriados
Dithmenos
Elyvilon
Fedhas
Gozag
Hepliaklqana
Kikubaaqudgha
Makhleb
Nemelex Xobeh
Okawaru
Qazlal
Ru
Sif Muna
Trog
Uskayaw
Vehumet
Xom
Yredelemnul
Zin
The Shining One

Shops:
D:6 =   Orc:1 %[   Orc:2 [=((   Snake:1 =}=

Portals:
Abyss: Depths:1

Annotations:
Orc:1 1 runed door, exclusion: 4 orange crystal statues


Innate Abilities, Weirdness & Mutations

You reflexively headbutt those who attack you in melee.
You have a pair of horns on your head.
Your flesh is very cold resistant. (rC++)
You are resistant to hostile enchantments. (MR+)
Your spells are a little harder to cast, but a little more powerful.


Message History

* * * LOW HITPOINT WARNING * * *
You barely miss the water nymph. You headbutt the water nymph!
The water nymph is severely wounded.
Your unstable footing causes you to fumble your attack.
You block the water nymph's attack.
Your shield prevents you from hitting the water nymph.
Your headbutt misses the water nymph.
The water nymph is severely wounded.
You block the water nymph's attack.
Your unstable footing causes you to fumble your attack.
You block the water nymph's attack.
You puncture the water nymph! You drain the water nymph!
The water nymph is almost dead.
The water nymph points at you and mumbles some strange words.
The water swirls and strikes you!
* * * LOW HITPOINT WARNING * * *
Your unstable footing causes you to fumble your attack.
The water nymph casts a spell at you. The water swirls and strikes you!
You die...

.... ## ....# ##.
#####.......#####..
##...##.............
#.....#.............
#..)..#............#
#.≈≈..#............. ≈
#≈m≈##.............
.≈≈≈##@##...........†((
≈≈≈≈≈≈≈...............≈.
≈≈≈≈≈≈≈.......#####≈≈≈..
≈≈≈≈≈≈.......##...##≈≈≈≈
≈≈≈≈≈≈.......#.)...#≈≈≈≈
≈≈≈≈≈≈.......)(.)..#≈≈≈≈
≈≈≈≈≈≈.......#))...#≈≈≈(
≈≈≈≈≈≈≈......##...##≈≈..
≈≈≈≈≈≈.......#####≈≈≈≈.


You could see a water nymph.

Vanquished Creatures
  Jorgrun (Shoals:4)
  Rupert (Lair:6)
  Asterion (Snake:3)
  Roxanne (Shoals:1)
  7 nagarajas
  3 fire giants
  A frost giant (IceCv)
  A merfolk javelineer (Shoals:4)
  8 merfolk impalers
  Snorg (Lair:6)
  A fire dragon (D:15)
  An ettin (D:15)
  A yaktaur captain (D:15)
  Josephine (Shoals:1)
  17 anacondas
  2 ice dragons
  Fannar (Orc:1)
  A merfolk aquamancer (Shoals:4)
  8 hydras
  11 naga warriors
  An alligator snapping turtle (Shoals:1)
  24 two-headed ogres
  5 centaur warriors
  A catoblepas (D:15)
  A death knight (D:15)
  3 merfolk avatars
  6 ogre magi
  6 death yaks
  A satyr (Shoals:3)
  3 orc high priests (Orc:2)
  8 naga sharpshooters
  A tengu warrior (D:15)
  12 shock serpents
  Nergalle (Lair:2)
  8 salamander mystics
  7 sea snakes
  4 unseen horrors
  10 naga ritualists
  4 lindwurms (Snake:4)
  Pikel (D:7)
  2 phantasmal warriors (D:15)
  5 orc knights
  11 mana vipers
  10 harpies
  5 orc sorcerers
  12 fauns
  12 manticores
  9 salamanders
  A wolf spider (Orc:1)
  8 ugly things
  6 cyclopes
  10 merfolk sirens
  3 elephants
  7 guardian serpents
  6 water nymphs
  An eye of devastation (Lair:6)
  51 black mambas
  An ice statue (IceCv)
  Joseph (D:7)
  A gargoyle (D:14)
  21 naga magi
  2 molten gargoyles (D:14)
  2 centaur skeletons
  8 spiny frogs
  4 komodo dragons
  2 kobold demonologists
  A rime drake (Lair:1)
  An efreet (D:13)
  2 yaktaurs (D:15)
  2 freezing wraiths
  A tengu conjurer (D:15)
  A queen bee (Lair:6)
  A polar bear (shapeshifter) (D:15)
  20 merfolk
  3 meliai (Lair:6)
  18 polar bears
  A wind drake (Shoals:2)
  8 trolls
  6 hornets (Lair:6)
  Prince Ribbit (D:5)
  19 blink frogs
  A harpy skeleton (D:13)
  6 snapping turtles
  A raiju (shapeshifter) (Depths:1)
  A blink frog (shapeshifter) (D:13)
  9 hippogriffs
  3 slime creatures (D:15)
  13 dream sheep
  14 spriggans
  5 water elementals
  3 redbacks (Orc:1)
  5 wraiths
  4 wyverns
  A steam dragon (Lair:4)
  34 yaks
  Menkaure (D:7)
  2 basilisks
  2 hungry ghosts
  Edmund (D:4)
  2 soldier ants
  4 vampire mosquitoes (D:11)
  31 nagas
  2 acid dragons
  2 wargs
  Duvessa (D:7)
  13 water moccasins
  A swamp drake (D:9)
  22 orc warriors
  6 porcupines
  A slave (D:7)
  2 ice beasts
  4 sky beasts
  19 ogres
  4 black bears
  An eye of draining (Lair:6)
  A necrophage (D:8)
  3 boggarts (Lair:6)
  34 wolves
  6 phantoms
  25 centaurs
  16 crocodiles
  3 big kobolds
  17 bullfrogs
  Dowan (D:7)
  A water moccasin skeleton (D:6)
  6 scorpions
  39 killer bees
  23 wights
  6 electric eels
  A howler monkey (D:11)
  8 crimson imps
  4 lava snakes (D:14)
  4 quasits
  2 bullfrog zombies (D:13)
  10 jellies
  Crazy Yiuf (D:4)
  30 orc wizards
  4 bullfrog skeletons
  6 hounds
  11 orc priests
  5 iguanas
  10 worker ants
  Natasha (D:4)
  Terence (D:3)
  A hound zombie (D:5)
  A hound skeleton (D:10)
  A worker ant zombie (D:5)
  4 gnolls (D:5)
  2 howler monkey skeletons
  14 adders
  2 shadow imps
  12 white imps (Orc:1)
  2 adder zombies
  3 adder skeletons (D:5)
  4 worms
  6 dart slugs
  5 leopard geckos
  71 orcs
  4 bats
  15 giant cockroaches
  11 goblins
  12 hobgoblins
  16 jackals
  3 quokkas
  2 ball pythons
  4 frilled lizards
  24 kobolds
  A quokka zombie (D:5)
  3 rats
  2 plants
1187 creatures vanquished.

Vanquished Creatures (others)
  An orc warrior (D:8)
  A slave (D:7)
  A centaur skeleton (D:7)
  An orc (Orc:2)
  2 bushes (Lair:6)
  A butterfly (Lair:6)
  A fungus (Lair:5)
  8 plants
16 creatures vanquished.

Grand Total: 1203 creatures vanquished

Notes
Turn   | Place    | Note
-------+----------+-------------------------------------------
     0 | D:1      | Hasart the Minotaur Berserker began the quest for the Orb.
     0 | D:1      | Reached XP level 1. HP: 19/19 MP: 0/0
   401 | D:1      | Reached skill level 4 in Maces & Flails
   403 | D:1      | Reached XP level 2. HP: 27/27 MP: 1/1
  1103 | D:1      | Reached XP level 3. HP: 32/33 MP: 2/2
  1447 | D:2      | Reached ** piety under Trog
  1723 | D:2      | Reached XP level 4. HP: 39/40 MP: 3/3
  1982 | D:3      | Noticed Terence
  1989 | D:3      | Killed Terence
  1989 | D:3      | Reached skill level 5 in Maces & Flails
  2018 | D:3      | Found a shattered altar of Ashenzari.
  2703 | D:4      | Noticed Edmund
  2708 | D:4      | Noticed an orc warrior
  2711 | D:4      | Killed Edmund
  2711 | D:4      | Reached skill level 1 in Evocations
  2711 | D:4      | Reached XP level 5. HP: 47/47 MP: 4/4
  2715 | D:4      | Killed an orc warrior
  2715 | D:4      | Reached XP level 6. HP: 55/55 MP: 4/6
  2724 | D:4      | Reached *** piety under Trog
  2724 | D:4      | Reached skill level 5 in Fighting
  2724 | D:4      | Reached skill level 6 in Maces & Flails
  2966 | D:4      | Got an encrusted leather armour
  2970 | D:4      | Identified the cursed +1 leather armour "Lesaiza" {MR+} (You found it on level 4 of the Dungeon)
  3006 | D:4      | Found a runed door.
  3067 | D:4      | Reached XP level 7. HP: 59/61 MP: 7/7
  3108 | D:4      | Noticed Natasha
  3117 | D:4      | Killed Natasha
  3224 | D:4      | Noticed Crazy Yiuf
  3232 | D:4      | Killed Crazy Yiuf
  3258 | D:5      | Entered Level 5 of the Dungeon
  3291 | D:5      | Noticed Prince Ribbit
  3312 | D:5      | Killed Prince Ribbit
  3312 | D:5      | Reached skill level 5 in Armour
  3324 | D:5      | Got a creamy pearl robe
  3325 | D:5      | Identified the cursed +1 robe of Goed {Regen+ Stlth+} (You found it on level 5 of the Dungeon)
  3611 | D:5      | Found a shimmering altar of Xom.
  3632 | D:5      | Found a staircase to the Ecumenical Temple.
  3648 | Temple   | Entered the Ecumenical Temple
  4040 | D:5      | Reached skill level 7 in Maces & Flails
  4047 | D:5      | Found a stormy altar of Qazlal.
  4319 | D:5      | Reached XP level 8. HP: 64/70 MP: 7/9
  4415 | D:5      | Reached **** piety under Trog
  4438 | D:5      | Reached skill level 5 in Dodging
  4524 | D:5      | Reached skill level 8 in Maces & Flails
  4971 | D:6      | You fall through a shaft!
  4971 | D:7      | Noticed Dowan
  4977 | D:7      | Noticed Duvessa
  4984 | D:7      | Killed Duvessa
  4984 | D:7      | Reached XP level 9. HP: 79/79 MP: 8/11
  4987 | D:7      | Killed Dowan
  5013 | D:6      | Reached skill level 9 in Maces & Flails
  5214 | D:6      | Got a fine ring mail
  5231 | D:6      | Identified the +1 ring mail of Snakes and Ladders {rCorr Str+4} (You found it on level 6 of the Dungeon)
  5262 | D:6      | Found Itour Ziucs's Jewellery Emporium.
  5548 | D:7      | Found a bloodstained altar of Trog.
  5604 | D:7      | Reached ***** piety under Trog
  5894 | D:7      | Noticed Menkaure
  5903 | D:7      | Killed Menkaure
  5903 | D:7      | Reached skill level 10 in Maces & Flails
  5932 | D:7      | Noticed Pikel
  5933 | D:7      | Noticed Joseph
  5954 | D:7      | Killed Pikel
  5954 | D:7      | Reached skill level 5 in Evocations
  5971 | D:7      | Killed Joseph
  5971 | D:7      | Reached XP level 10. HP: 31/88 MP: 6/12
  6805 | D:6      | Bought the ring of the Invisible Hand {rElec rPois} for 374 gold pieces
  6904 | D:8      | Reached skill level 11 in Maces & Flails
  7763 | D:9      | Noticed a two-headed ogre
  7773 | D:9      | Killed a two-headed ogre
  7859 | D:9      | Reached skill level 12 in Maces & Flails
  7883 | D:9      | Found a staircase to the Lair.
  7919 | D:9      | Received a gift from Trog
  8358 | D:9      | Reached XP level 11. HP: 97/97 MP: 14/14
  8771 | D:10     | Entered Level 10 of the Dungeon
  9558 | D:11     | Noticed a two-headed ogre
  9571 | D:11     | Killed a two-headed ogre
  9897 | D:11     | Found a staircase to the Orcish Mines.
  9951 | D:11     | Received a gift from Trog
  9995 | D:11     | Identified a scroll of acquirement
 10205 | D:11     | Gained mutation: Your flesh is cold resistant. (rC+) [potion of mutation]
 10205 | D:11     | Gained mutation: Your flesh is very cold resistant. (rC++) [potion of mutation]
 10205 | D:11     | Gained mutation: You are resistant to hostile enchantments. (MR+) [potion of mutation]
 10205 | D:11     | Gained mutation: Your spells are a little harder to cast, but a little more powerful. [potion of mutation]
 10334 | D:11     | Reached skill level 10 in Fighting
 10334 | D:11     | Reached skill level 13 in Maces & Flails
 10334 | D:11     | Reached XP level 12. HP: 107/107 MP: 14/16
 10635 | D:12     | Reached skill level 10 in Armour
 10711 | D:12     | Reached skill level 14 in Maces & Flails
 11255 | D:12     | Noticed a two-headed ogre
 11261 | D:12     | Killed a two-headed ogre
 11460 | Lair:1   | Entered Level 1 of the Lair of Beasts
 12031 | Lair:1   | Reached XP level 13. HP: 105/116 MP: 14/17
 12111 | Lair:1   | Reached skill level 5 in Bows
 12468 | Lair:2   | Found a staircase to the Snake Pit.
 12471 | Lair:2   | Noticed Nergalle
 12489 | Lair:2   | Killed Nergalle
 12581 | Lair:2   | Reached skill level 10 in Dodging
 13178 | Lair:3   | Received a gift from Trog
 13627 | Lair:3   | Got a fine buckler
 13641 | Lair:3   | Got an ichor-stained scarf
 13652 | Lair:3   | Identified the scarf of the Will of the Gods {rElec MR++ Slay-4 Stlth+} (You acquired it on level 3 of the Lair of Beasts)
 13734 | Lair:2   | Identified the +0 buckler "Esurch" {MP+9 Str-2 Dex+2} (You acquired it on level 3 of the Lair of Beasts)
 14082 | Lair:3   | Found a staircase to the Shoals.
 14823 | Lair:4   | Reached skill level 15 in Maces & Flails
 15737 | Lair:5   | Received a gift from Trog
 16459 | Lair:5   | Reached ****** piety under Trog
 16710 | Lair:6   | Entered Level 6 of the Lair of Beasts
 16754 | Lair:6   | Noticed Snorg
 16769 | Lair:6   | Killed Snorg
 16769 | Lair:6   | Reached XP level 14. HP: 69/126 MP: 11/19
 17314 | Lair:6   | Received a gift from Trog
 17392 | Lair:6   | Paralysed by a hornet for 2 turns
 17716 | Lair:6   | Reached skill level 16 in Maces & Flails
 17755 | Lair:6   | Noticed Rupert
 17780 | Lair:6   | Killed Rupert
 18218 | Lair:6   | Received a gift from Trog
 18529 | Lair:6   | Received a gift from Trog
 19383 | Lair:6   | Found a staircase to the Slime Pits.
 19866 | D:11     | Received a gift from Trog
 19919 | Orc:1    | Entered Level 1 of the Orcish Mines
 19919 | Orc:1    | Found Uvidabya's Antique Armour Boutique.
 19959 | Orc:1    | Found Setosk's Food Emporium.
 19961 | Orc:1    | Found a frozen archway.
 19967 | Orc:1    | Received a gift from Trog
 20022 | IceCv    | Entered an ice cave
 20822 | IceCv    | Noticed a frost giant
 20843 | IceCv    | Killed a frost giant
 20843 | IceCv    | Reached skill level 17 in Maces & Flails
 21235 | Orc:1    | Noticed Fannar
 21250 | Orc:1    | Killed Fannar
 21279 | Orc:1    | Found a runed door.
 21299 | Orc:1    | Reached skill level 1 in Shields
 21568 | Orc:1    | Reached XP level 15. HP: 93/135 MP: 17/21
 21990 | Orc:1    | Found a runed door.
 22177 | Orc:1    | Received a gift from Trog
 22363 | Orc:1    | Noticed an orc warlord
 22404 | Orc:1    | Paralysed by an orc sorcerer for 7 turns
 22554 | Orc:2    | Entered Level 2 of the Orcish Mines
 22800 | Orc:2    | Found a staircase to the Elven Halls.
 23507 | Orc:2    | Found a burning altar of Makhleb.
 23717 | Orc:2    | Found Gixof's Weapon Boutique.
 23717 | Orc:2    | Found Zucveh's Weapon Boutique.
 23718 | Orc:2    | Found Dusenoe's Armour Emporium.
 23725 | Orc:2    | Found Xyixt's Jewellery Emporium.
 23819 | Orc:1    | Bought ichor-stained acid dragon scales for 1170 gold pieces
 23829 | Orc:1    | Identified the +6 acid dragon scales "Xipn" {rF+ rCorr} (You bought it in a shop on level 1 of the Orcish Mines)
 23854 | Orc:1    | Upgraded the game from 0.20.0-1-g1cb1d84 to 0.20.0-4-g10b340a
 24127 | D:13     | Reached skill level 5 in Shields
 24822 | D:14     | Received a gift from Trog
 24999 | D:14     | Found a gate to the Vaults.
 25037 | D:14     | Reached skill level 10 in Evocations
 25217 | D:14     | Found a shimmering altar of Xom.
 25855 | D:15     | Entered Level 15 of the Dungeon
 26072 | D:15     | Found a staircase to the Depths.
 26083 | D:15     | Reached skill level 18 in Maces & Flails
 26585 | D:15     | Found a bloodstained altar of Trog.
 27008 | Depths:1 | Entered Level 1 of the Depths
 27008 | Depths:1 | Found a one-way gate to the infinite horrors of the Abyss.
 27242 | D:15     | Reached XP level 16. HP: 67/145 MP: 13/22
 27617 | D:15     | Received a gift from Trog
 28367 | D:15     | Reached skill level 10 in Bows
 29336 | Snake:1  | Entered Level 1 of the Snake Pit
 29787 | Snake:1  | Found Luraczul's Jewellery Shoppe.
 29787 | Snake:1  | Found Asagh's Gadget Boutique.
 29788 | Snake:1  | Found Puatular's Jewellery Shoppe.
 29800 | Snake:1  | Received a gift from Trog
 29960 | Snake:1  | Reached skill level 19 in Maces & Flails
 30147 | Snake:1  | Reached skill level 10 in Shields
 30337 | Snake:2  | Received a gift from Trog
 31675 | Snake:3  | Reached XP level 17. HP: 93/154 MP: 16/24
 32034 | Snake:3  | Noticed Asterion
 32054 | Snake:3  | Killed Asterion
 32885 | Snake:3  | Received a gift from Trog
 33639 | Snake:4  | Entered Level 4 of the Snake Pit
 34025 | Snake:4  | Reached skill level 15 in Fighting
 34991 | Snake:4  | Received a gift from Trog
 35039 | Snake:4  | Received a gift from Trog
 36124 | Snake:4  | Reached XP level 18. HP: 159/163 MP: 25/25
 36722 | Snake:4  | Got a serpentine rune of Zot
 36949 | Shoals:1 | Entered Level 1 of the Shoals
 36949 | Shoals:1 | Noticed Roxanne
 37243 | Shoals:1 | Killed Roxanne
 37761 | Shoals:1 | Noticed Josephine
 37779 | Shoals:1 | Killed Josephine
 37779 | Shoals:1 | Received a gift from Trog
 39164 | Shoals:2 | Received a gift from Trog
 40362 | Shoals:4 | Entered Level 4 of the Shoals
 40869 | Shoals:4 | Noticed Jorgrun
 40885 | Shoals:4 | Killed Jorgrun
 41194 | Shoals:4 | Received a gift from Trog
 41356 | Shoals:4 | Killed from afar by a water nymph

Skill      XL: |  1  2  3  4  5  6  7  8  9 10 11 12 13 14 15 16 17 18 |
---------------+-------------------------------------------------------+-----
Maces & Flails | 4 5 6 7 8 10 12 13 14 15 17 18 19 | 19.9
Fighting       | 4 5 6 7 8 9 10 11 12 13 14 15 16 | 16.0
Armour         | 3 4 5 6 7 8 9 10 11 12 13 14 | 14.3
Dodging        | 3 4 5 6 8 9 10 11 12 13 | 13.6
Evocations     | 1 2 3 4 5 7 8 9 10 11 12 | 12.3
Bows           | 3 4 6 8 9 10 11 12 | 12.0
Shields        | 1 7 10 12 14 | 14.3

Action                   |  1- 3 |  4- 6 |  7- 9 | 10-12 | 13-15 | 16-18 || total
-------------------------+-------+-------+-------+-------+-------+-------++-------
Melee: Mace              |    88 |    66 |       |       |       |       ||   154
       Headbutt          |    16 |    17 |    57 |   115 |   458 |   502 ||  1165
       Dire flail        |       |    29 |   308 |       |       |       ||   337
       Quarterstaff      |       |       |       |   418 |       |       ||   418
       War axe           |       |       |       |    64 |    15 |       ||    79
       Flail             |       |       |       |   132 |   276 |       ||   408
       Morningstar       |       |       |       |       |  1688 |  1151 ||  2839
       Eveningstar       |       |       |       |       |       |   889 ||   889
 Fire: Longbow           |       |       |       |       |     3 |    10 ||    13
Invok: Berserk           |       |     2 |     4 |     1 |     9 |    10 ||    26
       Trog's Hand       |       |       |       |       |       |     2 ||     2
Evoke: Wand              |       |       |       |       |     3 |       ||     3
  Use: Scroll            |       |     4 |     5 |     9 |     7 |     6 ||    31
       Potion            |       |       |       |    13 |     2 |     3 ||    18
 Stab: Invisible         |       |       |     1 |       |       |       ||     1
  Eat: Chunk             |     3 |     6 |     8 |    19 |    47 |    35 ||   118
       Royal jelly       |       |       |     1 |     2 |     6 |    11 ||    20
       Fruit             |       |       |     1 |       |     1 |       ||     2
Armor: Animal skin       |     3 |       |       |       |       |       ||     3
       Chain mail        |    79 |    18 |       |       |       |       ||    97
       Plate armour      |       |    40 |   203 |   456 |   974 |       ||  1673
       Acid dragon scale |       |       |       |       |   136 |   476 ||   612
Dodge: Dodged            |    52 |    34 |   112 |   301 |  1241 |  1233 ||  2973
Block: Shield            |       |       |       |    85 |   594 |       ||   679
       Large shield      |       |       |       |       |   618 |  2056 ||  2674
